Map: Ruby Rock LE

Players

KimChiLoVer - Winner!

  • Race: Terran Terran
  • League: Diamond
  • Spawn Location: 5:00

A.I. 1 (Easy)

  • Race: Zerg Zerg
  • Spawn Location: 11:00

VOD

Have the link to the VOD?

Description

Time

  • Played on: April 28, 2026, 7:06 p.m.
  • Length: 11:02
Show
View Real Time Build Order
Export as new Build Order

KimChiLoVer Terran - Winner!

Build Orders: Reaper Expand, Hellion Banshee, Mech 

Get SALT Encoding   

  12  0:00  SCV  
  13  0:12  SCV  
  14  0:16  Supply Depot  
  14  0:26  SCV  
  15  0:38  SCV  
  15  0:39  Barracks  
  16  0:43  Refinery  
  16  0:50  SCV  
  17  1:02  SCV  
  18  1:14  SCV  
  19  1:26  Orbital Command  
  19  1:27  Reaper  
  20  1:39  Command Center  
  20  1:50  Supply Depot  
  20  1:52  SCV  
  21  2:02  Marine  
  21  2:04  SCV  
  23  2:11  Factory  
  23  2:16  SCV, Refinery  
  24  2:28  SCV  
  24  2:29  Barracks Reactor  
  25  2:40  SCV  
  26  2:53  SCV  
  27  2:58  Starport  
  27  2:59  Command Center  
  27  3:07  Orbital Command  
  27  3:12  SCV  
  28  3:21  Hellion  
  28  3:24  SCV  
  31  3:28  Barracks Tech Lab  
  31  3:33  SCV  
  32  3:37  SCV  
  32  3:40  Hellion  
  35  3:45  SCV  
  36  3:52  Banshee  
  36  3:53  Cloaking Field  
  36  3:55  SCV  
  40  4:01  Hellion  
  40  4:02  Hellion  
  44  4:04  Marine  
  44  4:06  SCV, Refinery  
  46  4:10  SCV  
  46  4:12  Supply Depot  
  46  4:13  Orbital Command  
  47  4:18  SCV  
  47  4:22  Refinery, SCV  
  49  4:27  Supply Depot  
  49  4:29  Hellion  
  49  4:30  SCV  
  52  4:32  Hellion  
  52  4:34  Orbital Command, SCV  
  55  4:40  Banshee  
  55  4:42  SCV  
  59  4:46  SCV  
  60  4:54  Supply Depot, SCV  
  60  4:57  Hellion x2  
  60  4:59  Barracks Tech Lab  
  65  5:03  Factory  
  65  5:05  SCV  
  65  5:06  SCV  
  67  5:10  Armory  
  67  5:14  Armory  
  67  5:15  SCV  
  67  5:17  SCV  
  67  5:18  SCV  
  70  5:23  Engineering Bay  
  70  5:30  SCV  
  70  5:35  SCV  
  72  5:37  SCV  
  73  5:43  SCV  
  73  5:47  SCV  
  73  5:48  Hellion x2  
  79  5:51  Factory  
  79  5:53  Starport Reactor  
  79  5:54  Factory  
  79  5:57  SCV  
  79  5:58  Missile Turret  
  79  5:59  Factory  
  79  6:00  Missile Turret  
  79  6:03  Terran Vehicle Weapons Level 1, Terran Vehicle And Ship Armor Level 1  
  80  6:04  SCV  
  80  6:06  Refinery  
  80  6:07  SCV  
  80  6:09  SCV  
  83  6:16  SCV  
  84  6:19  SCV  
  85  6:34  Supply Depot  
  85  6:39  Infernal Pre-Igniter, Command Center  
  85  6:45  Factory Tech Lab x2  
  85  6:56  SCV x3, Cyclone  
  85  6:58  Refinery, Viking  
  93  7:04  Supply Depot  
  93  7:06  Supply Depot  
  93  7:10  Supply Depot  
  93  7:11  Supply Depot  
  93  7:12  Supply Depot  
  93  7:15  Mag-Field Accelerator, Viking, Smart Servos, SCV x3  
  93  7:17  Siege Tank  
  101  7:25  Siege Tank x2  
  101  7:26  Missile Turret  
  101  7:28  SCV, Siege Tank  
  101  7:29  Viking  
  113  7:31  Neosteel Armor  
  113  7:36  Supply Depot  
  113  7:39  Command Center  
  113  7:40  SCV  
  116  7:44  Hellion  
  116  7:45  SCV, Viking  
  116  7:49  Cyclone  
  122  7:54  Missile Turret  
  122  7:55  Sensor Tower  
  122  7:57  Cyclone  
  125  8:02  Sensor Tower  
  125  8:04  Terran Vehicle Weapons Level 2, Missile Turret  
  127  8:06  Hellion x3  
  127  8:07  Terran Vehicle And Ship Armor Level 2  
  131  8:16  Supply Depot  
  131  8:25  Hellion x2  
  137  8:27  Hellion x2  
  137  8:32  Factory  
  137  8:33  Factory  
  139  8:36  Factory  
  139  8:44  Supply Depot  
  139  8:45  Supply Depot  
  139  8:53  Siege Tank x2  
  139  8:54  Siege Tank  
  148  8:58  Refinery, Viking x2  
  148  9:02  Refinery  
  152  9:03  Supply Depot  
  152  9:04  Supply Depot, Orbital Command  
  152  9:14  Supply Depot  
  152  9:19  Sensor Tower  
  152  9:22  Missile Turret, Factory Reactor  
  152  9:23  Factory Tech Lab x2  
  152  9:26  Thor  
  152  9:30  Hellion x2, Thor  
  168  9:37  Orbital Command  
  168  9:40  Missile Turret  
  168  9:42  Missile Turret  
  168  9:44  Missile Turret  
  168  9:51  Siege Tank x3  
  168  9:52  Hellion x2  
  181  9:56  Supply Depot  
  181  10:03  Siege Tank  
  181  10:05  Hellion x2  
  188  10:09  Siege Tank  
Show
View Real Time Build Order
Export as new Build Order

A.I. 1 (Easy) Zerg 

Build Orders: Hatch First 

Get SALT Encoding   

  12  0:01  Drone  
  13  0:12  Overlord  
  13  0:16  Drone  
  14  0:30  Drone  
  14  0:34  Drone  
  16  0:50  Hatchery  
  16  0:51  Drone  
  16  1:08  Spawning Pool  
  16  1:09  Drone  
  16  1:12  Extractor  
  16  1:15  Drone  
  16  1:22  Overlord  
  16  1:56  Zergling x2, Queen  
  16  1:57  Zergling x2  
  16  1:58  Roach Warren  
  16  2:00  Drone, Extractor  
  19  2:05  Drone  
  20  2:12  Zergling x2  
  21  2:16  Zergling x2  
  21  2:21  Zergling x2  
  23  2:25  Zergling x2  
  25  2:30  Drone  
  25  2:34  Drone  
  26  2:39  Drone  
  27  2:44  Drone  
  28  2:54  Lair  
  28  3:18  Overlord  
  28  3:21  Drone  
  28  3:25  Drone  
  30  3:35  Drone  
  30  3:39  Drone  
  32  3:44  Drone  
  32  3:48  Drone  
  34  3:52  Overlord  
  34  3:55  Drone  
  35  3:56  Spire  
  35  3:59  Drone  
  35  4:04  Drone  
  35  4:08  Zergling x2, Drone  
  38  4:12  Drone  
  38  4:17  Drone  
  40  4:21  Drone  
  41  4:25  Overlord  
  41  4:28  Drone  
  42  4:32  Drone  
  42  4:37  Drone  
  44  4:41  Overseer  
  44  4:43  Overseer, Drone  
  45  4:48  Drone  
  45  4:49  Overlord  
  45  4:52  Drone  
  47  4:56  Drone  
  48  5:01  Drone, Mutalisk  
  48  5:05  Drone  
  52  5:09  Extractor, Drone  
  52  5:14  Drone  
  53  5:16  Mutalisk  
  53  5:18  Extractor, Drone  
  55  5:22  Drone  
  55  5:26  Drone  
  53  5:32  Zergling x2  
  51  5:40  Drone  
  52  5:45  Drone  
  52  5:47  Zergling x2  
  52  5:49  Drone  
  55  6:02  Overlord, Zergling x2, Drone  
  57  6:12  Drone  
  57  6:16  Drone  
  57  6:17  Zergling x2  
  60  6:22  Queen  
  60  6:32  Overlord, Zergling x2  
  61  6:47  Zergling x2  
  62  7:02  Zergling x2  
  63  7:17  Mutalisk  
  65  7:32  Mutalisk  
  67  9:22  Pneumatized Carapace  
  67  9:23  Overlord, Overseer  
  67  9:24  Infestation Pit  
  66  9:26  Hydralisk Den  
  66  9:29  Evolution Chamber  
  66  9:30  Overseer  
  64  9:41  Overlord  
  61  9:48  Zergling x2  
  61  9:50  Overseer  
  50  9:54  Hatchery  
  49  10:05  Zergling x2  
  50  10:07  Overseer, Overlord  
  50  10:14  Drone  
  35  10:18  Drone  
  28  10:27  Drone  
  23  10:40  Evolution Chamber  
Tags
 
Add a new tag
Caveats
  • Supply blocks, unpowered buildings, or Contaminate may cause inaccurate times.
  • Supply counts are checked every 10 seconds.